 Dungeon Crawl Stone Soup version 0.27.1-33-g824d729ab1 (webtiles) character file.

Game seed: 7787443673525820867

37 zeram the Sneak (level 3, -5/24 HPs)
             Began as an Octopode Brigand on Dec 23, 2021.
             Slain by Natasha (6 damage)
             ... on level 2 of the Dungeon.
             The game lasted 00:01:51 (996 turns).

zeram the Sneak (Octopode Brigand)                   Turns: 996, Time: 00:01:52

Health: -5/24      AC:  1    Str: 10    XL:     3   Next: 39%
Magic:  3/3        EV: 12    Int: 14    God:
Gold:   53         SH:  0    Dex: 13    Spells: 2/2 levels left

rFire    . . .     SeeInvis .   a - +2 dagger
rCold    . . .     Faith    .   (no shield)
rNeg     . . .     Spirit   .   (helmet restricted)
rPois    .         Reflect  .   (no amulet)
rElec    .         Harm     .   (no ring)
rCorr    .         Rampage  .   (no ring)
Will     .....                  (no ring)
Stlth    ++++......             (no ring)
HPRegen  0.08/turn              (no ring)
MPRegen  0.08/turn              (no ring)
                                (no ring)
                                (no ring)

@: no status effects
A: almost no armour, amphibious, 8 rings, camouflage 1, gelatinous body 1,
(nimble swimmer 1), tentacles
a: no special abilities


You were on level 2 of the Dungeon.
You visited 1 branch of the dungeon, and saw 2 of its levels.

You collected 53 gold pieces.

Inventory:

Hand Weapons
 a - a +2 dagger (weapon)
Missiles
 b - 8 poisoned darts (quivered)
 c - 2 curare-tipped darts
Potions
 d - a potion of brilliance {unknown}
 e - a potion of curing {unknown}
 f - a potion of heal wounds {unknown}


   Skills:
 - Level 2.0 Fighting
 + Level 2.3 Short Blades
 - Level 2.0 Throwing
 + Level 1.0 Dodging
 + Level 6.7 Stealth


You had 2 spell levels left.
You didn't know any spells.
Your spell library contained the following spells:

 Spells                   Type           Power      Damage    Failure   Level
 Leda's Liquefaction      Hex/Erth       0%         N/A       96%         4
 Bolt of Magma            Conj/Fire/Erth 0%         4d4       100%        5
 Statue Form              Tmut/Erth      0%         N/A       100%        6


Dungeon Overview and Level Annotations

Branches:
Dungeon (2/15)

Altars:

Annotations:
D:2 Natasha


Innate Abilities, Weirdness & Mutations

You cannot wear most types of armour.
You are amphibious.
You can wear up to eight rings at the same time.
Your skin changes colour to match your surroundings (Stealth+).
Your rubbery body absorbs attacks. (AC +1, EV +1)
((You are camouflaged near water. (Stealth+)))
You have tentacles for arms and can constrict up to eight enemies at once.


Message History

You hit the kobold.
You kill the kobold!
Natasha claws you!
Things that are here:
a +0 dagger; 2 stones You hit Natasha but do no damage.
You grab Natasha.
You constrict Natasha, but do no damage.
Natasha claws you but does no damage.
You hit Natasha.
Natasha is lightly wounded.
You constrict Natasha.
Natasha stares at you and mumbles some strange words.
The magic dart hits you!
* * * LOW HITPOINT WARNING * * *
You are too injured to fight recklessly!
You hit Natasha but do no damage.
Natasha is moderately wounded.
You constrict Natasha.
A kobold comes into view. It is wielding a +0 short sword.
Natasha misses you.
You release your grip on Natasha.
Natasha barely misses you.
Okay, then.
You hit the kobold. Your grab misses the kobold.
Your squeeze misses the kobold.
The kobold is severely wounded.
The kobold closely misses you.
You hit the kobold.
You kill the kobold!
Natasha claws you!
* * * LOW HITPOINT WARNING * * *
You see here a +0 short sword.
Natasha mumbles some strange words.
You hit Natasha. Your grab misses Natasha.
Natasha is heavily wounded.
You hit Natasha. You grab Natasha.
Natasha is severely wounded.
You constrict Natasha, but do no damage.
Natasha claws you.
You die...

## # . ###. .#
#...)########.###..
#..)...h........
########@#####S #5#
#.# ####.# #....#
#.#### #.# #<# #.#


You could see an iron imp (summoned) and Natasha.

Vanquished Creatures
  2 dart slugs (D:1)
  2 endoplasms (D:1)
  A giant cockroach (D:1)
  2 goblins (D:1)
  5 hobgoblins (D:1)
  5 ball pythons (D:1)
  5 bats (D:1)
  2 frilled lizards (D:1)
  5 kobolds
  2 rats (D:1)
31 creatures vanquished.

Notes
Turn   | Place    | Note
-------+----------+-------------------------------------------
     0 | D:1      | zeram the Octopode Brigand began the quest for the Orb.
     0 | D:1      | Reached XP level 1. HP: 14/14 MP: 1/1
   197 | D:1      | Reached XP level 2. HP: 16/19 MP: 2/2
   328 | D:1      | Reached skill level 6 in Stealth
   585 | D:1      | Reached XP level 3. HP: 17/24 MP: 3/3
   982 | D:2      | Noticed Natasha
   992 | D:2      | HP: 1/24 [Natasha (7)]
   996 | D:2      | Slain by Natasha

Illustrated notes

Levels and vault maps discovered:
D:1:      dpeg_arrival_three_same_balls, layout_basic
D:2:      layout_loops_ring, serial_shops, nicolae_shop_waterfront,
          nicolae_shop_waterfront, nicolae_shop_temple_entry_statues_fountains,
          minmay_pentomino_s2, uniq_natasha

Skill      XL: |  1  2 |
---------------+-------+-----
Stealth        | 6 |  6.7
Fighting       | |  2.0
Short Blades   | |  2.3
Throwing       | |  2.0
Dodging        | |  1.0

Action                   || total
-------------------------++-------
Melee: Dagger            ||    58
       Constrict         ||    14
       Tentacles         ||     8
  Use: Scroll            ||     1
 Stab: Sleeping          ||     8
Armor: Skin              ||     6
Dodge: Dodged            ||    26
